Map: Para Site LE

Players

Zanster

  • Race: Zerg Zerg
  • Spawn Location: 11:00

goblin - Winner!

  • Race: Protoss Protoss
  • Spawn Location: 5:00

Event: HomeStory Cup XVIII

VOD

Have the link to the VOD?

Description

Time

  • Played on: Nov. 22, 2018, 2:09 p.m.
  • Length: 6:32

All games in this series

Show
View Real Time Build Order
Export as new Build Order

Zanster Zerg 

Build Orders: Hatch First, Ravager All-In 

Get SALT Encoding   

  12  0:00  Drone  
  13  0:13  Overlord  
  13  0:17  Drone  
  14  0:32  Drone x2  
  16  0:48  Hatchery  
  15  0:51  Drone  
  15  0:55  Drone  
  17  0:57  Drone  
  18  1:06  Extractor  
  18  1:10  Drone  
  18  1:20  Spawning Pool  
  18  1:23  Drone  
  18  1:29  Drone  
  19  1:44  Drone  
  19  1:46  Hatchery  
  20  1:49  Extractor  
  19  1:55  Drone  
  20  2:03  Overlord  
  20  2:06  Queen  
  22  2:14  Roach Warren  
  22  2:15  Zergling x2  
  22  2:19  Metabolic Boost  
  22  2:23  Zergling x2  
  23  2:45  Queen  
  23  2:46  Overlord  
  23  2:49  Zergling x2  
  26  2:58  Queen  
  26  2:59  Roach  
  26  3:04  Roach  
  32  3:09  Roach  
  34  3:18  Roach, Zergling x2  
  37  3:20  Zergling x2  
  38  3:29  Ravager  
  38  3:32  Roach  
  41  3:34  Overlord  
  41  3:38  Ravager  
  42  3:49  Zergling x4  
  42  3:54  Roach x2  
  47  4:09  Roach, Zergling x4  
  51  4:13  Zergling x2  
  51  4:17  Ravager  
  51  4:18  Overlord  
  51  4:32  Zergling x2  
  52  4:43  Zergling x4  
  52  4:44  Ravager x2  
  56  4:52  Overlord  
  56  4:54  Zergling x4  
  48  5:10  Zergling x4  
  44  5:18  Roach  
  44  5:19  Zergling x10  
  44  5:25  Roach, Zergling x4  
  47  5:34  Roach  
  49  5:38  Roach  
  49  5:39  Roach  
  53  5:49  Zergling x2  
  52  5:50  Roach  
  51  6:00  Ravager  
  51  6:01  Ravager  
  51  6:02  Zergling x4  
Show
View Real Time Build Order
Export as new Build Order

goblin Protoss - Winner!

Build Orders:  

Get SALT Encoding   

  12  0:00  Probe  
  13  0:12  Probe  
  14  0:18  Pylon  
  14  0:24  Probe  
  15  0:32  Probe  
  15  0:38  Forge  
  15  0:40  Probe  
  17  0:56  Pylon  
  18  1:10  Pylon  
  18  1:11  Pylon  
  18  1:14  Photon Cannon  
  17  1:20  Gateway  
  17  1:22  Probe  
  18  1:27  Assimilator  
  18  1:34  Probe  
  18  1:35  Assimilator  
  18  1:39  Photon Cannon  
  19  1:47  Pylon  
  19  1:48  Probe  
  20  2:01  Probe  
  21  2:09  Zealot  
  21  2:10  Cybernetics Core  
  23  2:37  Stalker  
  23  2:46  Robotics Facility  
  25  2:52  Shield Battery, Warp Gate  
  25  2:56  Shield Battery  
  25  2:59  Shield Battery  
  25  3:07  Stalker  
  25  3:09  Pylon  
  27  3:13  Shield Battery  
  27  3:26  Shield Battery, Immortal  
  31  3:47  Shield Battery  
  31  4:00  Warp Prism  
  31  4:03  Pylon  
  33  4:12  Shield Battery  
  31  4:25  Gateway  
  31  4:31  Immortal  
  35  4:42  Gateway  
  35  4:56  Stalker  
  37  5:17  Pylon  
  37  5:24  Shield Battery  
  37  5:25  Pylon  
  37  5:27  Stalker  
  39  5:33  Pylon  
  39  5:38  Sentry x2  
  43  5:45  Immortal  
  47  5:57  Shield Battery  
  43  6:19  Stalker x2  
  43  6:22  Stalker  
Tags
 
Add a new tag
Caveats
  • Supply blocks, unpowered buildings, or Contaminate may cause inaccurate times.
  • Supply counts are checked every 10 seconds.